 Dungeon Crawl Stone Soup version 0.20.1-1-g8b1a95d (webtiles) character file.

30 dohliylev the Sneak (level 3, -3/24 HPs)
             Began as a Vampire Enchanter on Dec 27, 2017.
             Slain by Crazy Yiuf
             ... wielding a +3 quarterstaff of chaos
              (7 damage)
             ... on level 2 of the Dungeon.
             The game lasted 00:04:28 (1229 turns).

dohliylev the Sneak (Vampire Enchanter)             Turns: 1229, Time: 00:04:29

Health: -3/24      AC:  0    Str:  7    XL:     3   Next: 3%
Magic:  0/6        EV: 20    Int: 18    God:
Gold:   55         SH:  0    Dex: 19    Spells: 3/6 levels left

rFire    . . .     SeeInvis +   (weapon currently unavailable)
rCold    . . .     Gourm    .   (shield currently unavailable)
rNeg     + . .     Faith    .   (armour currently unavailable)
rPois    .         Spirit   .   (helmet currently unavailable)
rElec    .         Reflect  .   (cloak currently unavailable)
rCorr    .         Harm     .   (gloves currently unavailable)
MR       .....                  (boots currently unavailable)
Stlth    ++++++....             (no amulet)
Regen    0.1/turn               (ring currently unavailable)
MPRegen  0.1/turn               (ring currently unavailable)

@: bat-form, flying, very quick
A: fangs 3, see invisible
a: End Transformation


You were on level 2 of the Dungeon.
You were not thirsty.
You were in vampire-bat-form.
You visited 1 branch of the dungeon, and saw 2 of its levels.

You collected 55 gold pieces.

Inventory:

Hand Weapons
 a - a +1 dagger (melded)
Armour
 b - a +0 robe (melded)
Jewellery
 k - an uncursed ring of magical power {unknown}
Scrolls
 e - 2 scrolls of teleportation {unknown}
 f - 3 scrolls of identify {unknown}
 h - a scroll of fear {unknown}
Potions
 d - 14 potions of blood
 g - a potion of ambrosia {unknown}
 i - 2 potions of agility {unknown}
 j - a potion of mutation {unknown}
 l - a potion of heal wounds {unknown}
 m - a potion of berserk rage {unknown}
Books
 c - a book of Maledictions

   Spells                             Type                      Level
   a - Corona                         Hexes                        1
   b - Ensorcelled Hibernation        Hexes/Ice                    2
   c - Confuse                        Hexes                        3
   d - Tukima's Dance                 Hexes                        3
   e - Dazzling Spray                 Conjuration/Hexes            3


   Skills:
 - Level 1.1 Short Blades
 - Level 2.1 Dodging
 + Level 6.4 Stealth
 - Level 2.0 Spellcasting
 - Level 4.4 Hexes
 + Level 0.2 Ice Magic


You had 3 spell levels left.
You knew the following spells:

 Your Spells              Type           Power        Failure   Level  Hunger
a - Corona                Hex            ###....      3%          1    #......
b - Ensorcelled Hibernat  Hex/Ice        ##....       11%         2    ###....


Dungeon Overview and Level Annotations

Branches:
Dungeon (2/15)

Altars:

Annotations:
D:2 Crazy Yiuf


Innate Abilities, Weirdness & Mutations

You have razor-sharp teeth.
You have supernaturally acute eyesight. (SInv)
((You can survive without breathing.))


Message History

Aiming: Ensorcelled Hibernation
Press: ? - help, Shift-Dir - straight line, f/p - Crazy Yiuf
Aim: Crazy Yiuf, wielding a quarterstaff of chaos and wearing a cloak (chance to defeat MR: 50%) Crazy Yiuf resists with some effort.
Crazy Yiuf whimpers, "Citrus fast light!"
Crazy Yiuf closely misses you.
Casting: Ensorcelled Hibernation
Confirm with . or Enter, or press ? or * to list all spells.
Aiming: Ensorcelled Hibernation
Press: ? - help, Shift-Dir - straight line, f/p - Crazy Yiuf
Aim: Crazy Yiuf, wielding a quarterstaff of chaos and wearing a cloak (chance to defeat MR: 50%) Crazy Yiuf resists with some effort.
Crazy Yiuf closely misses you.
Okay, then.
Crazy Yiuf screams, "Island hog canine!"
Crazy Yiuf glowers.
There is an open door here.
You turn into a vampire bat.
Your +1 dagger melds into your body.
Your +0 robe melds into your body.
Crazy Yiuf hits you with a quarterstaff of chaos!
You die...

#............P..♣..♣
#........##..P.♣.♣♣♣
#........####♣♣♣♣♣
#.......##
#.############### # #.#
##..........####
#######'###..............#
........g##.............>#
.........b................
.........##..............#
.........#######..........
.........##......##.######
.........##......##.#
.........##......#..#####
.........##.............##
.........#######..........
......... #........#.


You could see Crazy Yiuf.

Vanquished Creatures
  A worm (D:2)
  A leopard gecko (D:1)
  6 bats
  A giant cockroach (D:2)
  2 hobgoblins
  A kobold (D:1)
  5 frilled lizards
  5 goblins (D:1)
  5 rats (D:1)
27 creatures vanquished.

Notes
Turn   | Place    | Note
-------+----------+-------------------------------------------
     0 | D:1      | dohliylev the Vampire Enchanter began the quest for the Orb.
     0 | D:1      | Reached XP level 1. HP: 13/13 MP: 3/3
    75 | D:1      | Reached skill level 5 in Stealth
   108 | D:1      | Reached XP level 2. HP: 12/19 MP: 3/5
   114 | D:1      | Learned a level 2 spell: Ensorcelled Hibernation
   452 | D:1      | Reached skill level 6 in Stealth
   950 | D:2      | Reached XP level 3. HP: 24/24 MP: 6/6
  1197 | D:2      | Found a runed door.
  1201 | D:2      | Noticed Crazy Yiuf
  1229 | D:2      | Slain by Crazy Yiuf

Skill      XL: |  1  2 |
---------------+-------+-----
Stealth        | 5 6 |  6.4
Short Blades   | |  1.1
Dodging        | |  2.1
Spellcasting   | |  2.0
Hexes          | |  4.4
Ice Magic      | |  0.2

Action                   || total
-------------------------++-------
Melee: Dagger            ||    53
       Bite              ||     3
 Cast: Corona            ||     5
       Ensorcelled Hiber ||    11
 Abil: Bat Form          ||     1
 Stab: Sleeping          ||    11
  Eat: Corpse            ||     5
Armor: Robe              ||    14
Dodge: Dodged            ||    43
